 Dungeon Crawl Stone Soup version 0.31-a0-705-ga145531891 (webtiles) character file.

Game seed: 6644751636578815213

53 qw the Shooter (level 3, -4/22 HPs)
             Began as a Gargoyle Hunter on Sept 9, 2023.
             Slain by a gnoll
             ... wielding a +0 spear
              (8 damage)
             ... on level 2 of the Dungeon.
             The game lasted 00:00:23 (581 turns).

qw the Shooter (Gargoyle Hunter)                     Turns: 581, Time: 00:00:23

Health: -4/22      AC:  9    Str: 14    XL:     3   Next: 87%
Magic:  3/3        EV: 10    Int:  9    God:
Gold:   60         SH:  0    Dex: 15    Spells: 2/2 levels left

rFire   . . .        Y - +0 shortbow
rCold   . . .        (shield currently unavailable)
rNeg    + . .        f - +0 ring mail
rPois   inf          (no helmet)
rElec   +            (no cloak)
rCorr   .            e - +0 pair of gloves
SInv    .            (no boots)
Will    .....        (no amulet)
Stlth   +            (no ring)
HPRegen 0.23/turn    (no ring)
MPRegen 0.08/turn

%: no passive effects
@: no status effects
A: sickness immunity, AC +3, negative energy resistance 1, electricity
resistance, torment resistance 1, petrification resistance
a: no special abilities


You were on level 2 of the Dungeon.
You visited 1 branch of the dungeon, and saw 2 of its levels.

You collected 60 gold pieces.


Innate Abilities, Weirdness & Mutations

You are immune to sickness and miasma.
Your stone body is resilient. (AC +3)
You are immune to poison.
You resist negative energy. (rN+)
You are resistant to electric shocks. (rElec)
You are resistant to unholy torment.
You are immune to petrification.


   Skills:
 + Level 2.5 Fighting
 - Level 5.1 Ranged Weapons
 - Level 1.0 Armour
 - Level 1.5 Dodging
 - Level 1.1 Stealth


You had 2 spell levels left.
You didn't know any spells.
Your spell library was empty.

Inventory:

Hand Weapons
 Y - a +0 shortbow (weapon)
Armour
 e - a +0 pair of gloves (worn)
 f - a +0 ring mail (worn)
Potions
 a - a potion of might {unknown}
 d - a potion of attraction {unknown}

Dungeon Overview and Level Annotations

Branches:
Dungeon (2/15)

Altars:


Message History

You shoot an arrow.
The arrow hits the gnoll but does no damage.
The gnoll is almost dead.
The gnoll hits you but does no damage.
You shoot an arrow.
The arrow hits the gnoll but does no damage.
The gnoll is almost dead.
The gnoll hits you but does no damage.
You shoot an arrow. The arrow hits the gnoll.
You kill the gnoll!
The bat barely misses you. The bat hits you but does no damage.
A gnoll comes into view. It is wielding a +0 spear.
You shoot an arrow. The arrow barely misses the bat.
The gnoll shouts!
The bat hits you.
You shoot an arrow. The arrow closely misses the gnoll.
The bat closely misses you. The gnoll hits you but does no damage.
You shoot an arrow. The arrow hits the gnoll.
The gnoll is moderately wounded.
The gnoll hits you but does no damage.
You shoot an arrow. The arrow closely misses the bat.
The bat hits you but does no damage.
An endoplasm comes into view.
The gnoll completely misses you.
You shoot an arrow. The arrow barely misses the gnoll.
The arrow hits the gnoll!
The gnoll is heavily wounded.
The bat misses you.
You shoot an arrow. The arrow barely misses the gnoll.
The arrow barely misses the endoplasm.
The bat barely misses you. The bat hits you but does no damage.
The gnoll hits you but does no damage.
You shoot an arrow. The arrow barely misses the bat.
The bat closely misses you.
The gnoll hits you from afar with a +0 spear.
You shoot an arrow.
The arrow hits the gnoll but does no damage.
The gnoll is heavily wounded.
The bat barely misses you. The gnoll barely misses you.
The gnoll hits you from afar with a +0 spear!
You die...

#..#.###.#....(....
#####)....)..#..
+.......#.......<
#.######.######.#
#.# #.# #.# #.# #@#
#g#)#


Jg# #.. .... .%.. ..... ....# ...8. ...#. .8.. ...# .... ..#. You could see 2
gnolls and an endoplasm.

Vanquished Creatures
  A gnoll (D:2)
  An adder (D:2)
  2 worms (D:2)
  2 ball pythons
  2 endoplasms (D:1)
  3 hobgoblins (D:1)
  2 jackals (D:1)
  5 quokkas (D:1)
  2 bats (D:1)
  4 kobolds
  2 rats
26 creatures vanquished.

Notes
Turn   | Place    | Note
-------+----------+-------------------------------------------
     0 | D:1      | qw the Gargoyle Hunter began the quest for the Orb.
     0 | D:1      | Reached XP level 1. HP: 12/12 MP: 1/1
     0 | D:1      | 0 ||| qw: Version: 0.3-a-80-g6052c40
     0 | D:1      | 0 ||| qw: Game counter: 1318
     0 | D:1      | 0 ||| qw: Melee chars always use a shield: true
     0 | D:1      | 0 ||| qw: God list: Okawaru
     0 | D:1      | 0 ||| qw: Allow faded altars: false
     0 | D:1      | 0 ||| qw: Do Orc after clearing Dungeon:15 true
     0 | D:1      | 0 ||| qw: Do second Lair branch before Depths: true
     0 | D:1      | 0 ||| qw: Lair rune preference: random
     0 | D:1      | 0 ||| qw: Goals: Normal
     0 | D:1      | 0 ||| PLANNING D:1-11
    77 | D:1      | Reached XP level 2. HP: 17/17 MP: 2/2
   430 | D:1      | 430 ||| UPGRADING to +0 pair of gloves.
   435 | D:1      | 435 ||| UPGRADING to +0 ring mail.
   445 | D:1      | 445 ||| DROPPING +0 leather armour.
   446 | D:1      | 446 ||| READING scroll labelled RARYROIWUC.
   447 | D:1      | 447 ||| READING scroll labelled UBONUEPN KERI.
   452 | D:1      | 452 ||| DROPPING scroll of butterflies.
   479 | D:2      | 479 ||| STAIRDANCE
   485 | D:1      | Reached XP level 3. HP: 21/21 MP: 3/3
   552 | D:2      | Reached skill level 1 in Armour
   558 | D:2      | Reached skill level 5 in Ranged Weapons
   570 | D:2      | HP: 5/21 [gnoll/+0 whip (2)]
   580 | D:2      | HP: 4/22 [gnoll/+0 spear (3)]
   581 | D:2      | Slain by a gnoll

Levels and vault maps discovered:
D:1:      spicycebolla_arrival_clurvy, layout_rooms,
          chequers_serial_rivers_marsh, minmay_liquid_box
D:2:      wad_pebble_path, layout_basic

Skill      XL: |  1  2  3 |
---------------+----------+-----
Armour         | 1 |  1.0
Ranged Weapons | 5 |  5.1
Fighting       | |  2.5
Dodging        | |  1.5
Stealth        | |  1.1

Action                     || total
---------------------------++-------
   Fire: Shortbow          ||   105
    Use: Scroll            ||     2
 Armour: Leather armour    ||     7
         Ring mail         ||    27
  Dodge: Dodged            ||    43

Table legend:
 A = Non-vault XP
 B = Vault XP
 C = Vault XP percentage of total XP
 D = Non-vault monster count
 E = Vault monster count
 F = Vault count percentage of total count
                 A         B        C        D         E       F
            +---------+---------+-------+---------+---------+-------
      Total |      76 |       0 |   0.0 |      26 |       0 |   0.0
            +---------+---------+-------+---------+---------+-------
        D:1 |      34 |       0 |   0.0 |      19 |       0 |   0.0
        D:2 |      42 |       0 |   0.0 |       7 |       0 |   0.0
            +---------+---------+-------+---------+---------+-------
